 Dungeon Sprint DCSS version 0.26-a0-667-g92642533e4 (webtiles) character file.

Game seed: 13693719085741645148

11 sahdkjhfkaj the Insei (level 2, -3/23 HPs)
             Began as a Gnoll Transmuter on Oct 17, 2020.
             Killed from afar by a white imp (10 damage)
             ... with a puff of frost
             ... in the Dungeon (Sprint IX: "|||||||||||||||||||||||||||||").
             The game lasted 00:00:12 (178 turns).

sahdkjhfkaj the Insei (Gnoll Transmuter)             Turns: 178, Time: 00:00:13

Health: -3/23      AC:  2    Str: 12    XL:     2   Next: 29%
Magic:  6/8        EV: 15    Int: 15    God:
Gold:   0          SH:  0    Dex: 15    Spells: 10/11 levels left

rFire    . . .     SeeInvis .     - Unarmed
rCold    . . .     Faith    .   (no shield)
rNeg     . . .     Spirit   .   a - +0 robe
rPois    .         Reflect  .   (helmet currently unavailable)
rElec    .         Harm     .   (no cloak)
rCorr    .         Rampage  .   (no gloves)
MR       .....     NoTele   +   (boots currently unavailable)
Stlth    ++........             (no amulet)
HPRegen  0.07/turn              (no ring)
MPRegen  0.11/turn              (no ring)

@: appendages
A: distributed training, fangs 1, horns 2, talons 2, strong nose
a: End Transformation


You were in the Dungeon.
You had grown temporary horns.
You had grown temporary talons.
You visited 1 branch

Inventory:

Armour
 a - a +0 robe (worn)
Scrolls
 h - a scroll of blinking
Potions
 c - a potion of curing
 d - a potion of heal wounds
 e - a potion of haste
 f - 2 potions of magic
 g - a potion of berserk rage


   Skills:
 + Level 2.8 Fighting
 + Level 1.2 Short Blades
 + Level 1.2 Long Blades
 + Level 1.2 Axes
 + Level 1.2 Maces & Flails
 + Level 1.2 Polearms
 + Level 1.2 Staves
 + Level 1.2 Slings
 + Level 1.2 Bows
 + Level 1.2 Crossbows
 + Level 1.2 Throwing
 + Level 1.2 Armour
 + Level 4.7 Dodging
 + Level 1.2 Stealth
 + Level 1.2 Shields
 + Level 6.6 Unarmed Combat
 + Level 5.1 Spellcasting
 + Level 1.0 Conjurations
 + Level 1.0 Hexes
 + Level 1.0 Summonings
 + Level 1.0 Necromancy
 + Level 1.0 Translocations
 + Level 3.9 Transmutations
 + Level 1.0 Fire Magic
 + Level 1.0 Ice Magic
 + Level 1.0 Air Magic
 + Level 1.0 Earth Magic
 + Level 1.0 Poison Magic
 + Level 1.4 Invocations
 + Level 1.2 Evocations


You had 10 spell levels left.
You knew the following spells:

 Your Spells              Type           Power        Failure   Level
a - Beastly Appendage     Tmut           ###...       3%          1

Your spell library contained the following spells:

 Spells                   Type           Power        Failure   Level
 Wereblood                Tmut           ###.....     4%          2
 Spider Form              Tmut/Pois      ##........   17%         3
 Ice Form                 Ice/Tmut       ##......     50%         4
 Blade Hands              Tmut           ###.......   65%         5


Dungeon Overview and Level Annotations

Branches:
Dungeon (1/1)

Altars:


Innate Abilities, Weirdness & Mutations

Your experience applies equally to all skills.
You have very sharp teeth.
Your uncanny sense of smell can sniff out nearby items.
You have a pair of horns on your head.
You have razor-sharp toenails.


Message History

The puff of frost hits you!
* * * LOW HITPOINT WARNING * * *
You closely miss the white imp. Your bite misses the white imp.
The white imp is moderately wounded.
The white imp hits you but does no damage.
You hit the white imp.
The white imp is almost dead.
The white imp completely misses you.
Casting: Beastly Appendage (safe; 3% risk of failure)
Confirm with . or Enter, or press ? or * to list all spells.
You grow a pair of large bovine horns.
Your feet morph into talons.
The white imp hits you.
* * * LOW HITPOINT WARNING * * *
The white imp freezes you.
* * * LOW HITPOINT WARNING * * *
You barely miss the white imp. You claw the white imp.
The white imp is almost dead.
The white imp gestures at you. The puff of frost hits you!
You die...

▓▓▓▓▓▓▓▓▓▓▓▓▓▓▓▓▓▓
▓<...'()..@5.....+
▓▓▓▓▓▓▓▓▓▓▓▓▓▓▓▓▓▓
∆∆∆∆∆∆∆∆∆


You could see a white imp.

Vanquished Creatures
  A leopard gecko (D)
  An orc (D)
  A giant cockroach (D)
  A quokka (D)
  A frilled lizard (D)
  A goblin (D)
  3 kobolds (D)
9 creatures vanquished.

Notes
Turn   | Place    | Note
-------+----------+-------------------------------------------
     0 | D        | sahdkjhfkaj the Gnoll Transmuter began the quest for the
                  | Orb.
     0 | D        | Reached XP level 1. HP: 17/17 MP: 6/6
    11 | D        | Reached skill level 5 in Spellcasting
    15 | D        | Reached skill level 1 in Invocations
   165 | D        | Reached skill level 1 in Short Blades
   165 | D        | Reached skill level 1 in Long Blades
   165 | D        | Reached skill level 1 in Axes
   165 | D        | Reached skill level 1 in Maces & Flails
   165 | D        | Reached skill level 1 in Polearms
   165 | D        | Reached skill level 1 in Staves
   165 | D        | Reached skill level 1 in Slings
   165 | D        | Reached skill level 1 in Bows
   165 | D        | Reached skill level 1 in Crossbows
   165 | D        | Reached skill level 1 in Throwing
   165 | D        | Reached skill level 1 in Armour
   165 | D        | Reached skill level 1 in Stealth
   165 | D        | Reached skill level 1 in Shields
   165 | D        | Reached skill level 1 in Evocations
   165 | D        | Reached XP level 2. HP: 23/23 MP: 6/8
   170 | D        | Reached skill level 1 in Conjurations
   170 | D        | Reached skill level 1 in Hexes
   170 | D        | Reached skill level 1 in Summonings
   170 | D        | Reached skill level 1 in Necromancy
   170 | D        | Reached skill level 1 in Translocations
   170 | D        | Reached skill level 1 in Fire Magic
   170 | D        | Reached skill level 1 in Ice Magic
   170 | D        | Reached skill level 1 in Air Magic
   170 | D        | Reached skill level 1 in Earth Magic
   170 | D        | Reached skill level 1 in Poison Magic
   178 | D        | Killed from afar by a white imp

Illustrated notes

Levels and vault maps discovered:
D:        linesprint [early_d, line_temple, items_1, d_10, items_2, lair_1,
          lair_end, items_3, orc_1, orc_end, items_4, d_15, swamp_1, shoals_1,
          snake_1, spider_1, d_20, vaults_1, items_5, swamp_end, shoals_end,
          snake_end, spider_end, vaults_end, d_27, items_6, zot_1, zot_end,
          crypt_end, forest_end, elf_end, slime_end, tomb_end, abyss_end,
          pan_hell_end]

Skill      XL: |  1  2 |
---------------+-------+-----
Spellcasting   | 5 |  5.1
Invocations    | 1 |  1.4
Short Blades   | 1 |  1.2
Long Blades    | 1 |  1.2
Axes           | 1 |  1.2
Maces & Flails | 1 |  1.2
Polearms       | 1 |  1.2
Staves         | 1 |  1.2
Slings         | 1 |  1.2
Bows           | 1 |  1.2
Crossbows      | 1 |  1.2
Throwing       | 1 |  1.2
Armour         | 1 |  1.2
Stealth        | 1 |  1.2
Shields        | 1 |  1.2
Evocations     | 1 |  1.2
Conjurations   | 1 |  1.0
Hexes          | 1 |  1.0
Summonings     | 1 |  1.0
Necromancy     | 1 |  1.0
Translocations | 1 |  1.0
Fire Magic     | 1 |  1.0
Ice Magic      | 1 |  1.0
Air Magic      | 1 |  1.0
Earth Magic    | 1 |  1.0
Poison Magic   | 1 |  1.0
Fighting       | |  2.8
Dodging        | |  4.7
Unarmed Combat | |  6.6
Transmutations | |  3.9

Action                   || total
-------------------------++-------
Melee: Unarmed           ||    25
       Bite              ||     3
       Kick              ||     2
 Cast: Beastly Appendage ||     2
Armor: Robe              ||     2
Dodge: Dodged            ||     8

Table legend: (Time is in decaauts)
 A = Elapsed time spent in this place.
 B = Non-inter-level travel time spent in this place.
 C = Inter-level travel time spent in this place.
 D = Time resting spent in this place.
 E = Time spent auto-exploring this place.
 F = Levels seen in this place.
 G = Mean time per level.
                   A        B        C        D        E       F      G
               +--------+--------+--------+--------+--------+-----+--------+
         Total |    175 |    175 |      0 |    141 |      3 |   1 |  175.0 |
       Dungeon |    175 |    175 |      0 |    141 |      3 |   1 |  175.0 |
               +--------+--------+--------+--------+--------+-----+--------+

Top non-repeatable levels by time:
       D: 175 daAuts
